AoeStats
← .RamroD.

Arabia

510435566Analyzed
2v2 RM · 1d ago on Oct 1, 2026· 58m 15s· 4 players
Game mode
Random Map
Map size
Medium (4 player)
Population
200
Speed
Normal
Resources
Standard
Victory
Conquest
Starting age
Dark Age
Ending age
Imperial Age
RankedLock teamsTeams togetherTeam positionsShared explorationLock speedFull tech treeHidden civsTurbo modeCheats
Victory
Defeat
813
+15
747
+18
🇺🇸 Danes · United States
807
-17
🇺🇸 Bulgarians · United States
770
-16
ME BANEARON EN EL LOL
10:16 Feudal Age
16:24 Castle Age
17:43 Double-Bit Axe
20:34 Scale Barding Armor
24:08 Husbandry
24:07 Horse Collar
27:46 Bloodlines
30:50 Wheelbarrow
31:34 Chain Barding Armor
36:55 Hand Cart
37:54 Caravan
39:02 Bow Saw
44:05 Imperial Age
45:38 Murder Holes
46:08 Man-at-Arms
46:36 Gambesons
48:10 Forging
48:01 Scale Mail Armor
50:12 Iron Casting
49:53 Chain Mail Armor
49:56 Cavalier
51:38 Long Swordsman
55:02 Two-Handed Swordsman
57:11 Plate Barding Armor
57:07 Plate Mail Armor
57:38 Blast Furnace
tambien ME BANEARON EN EL LOL
10:01 Loom
11:49 Feudal Age
10:04 Loom
21:53 Castle Age
21:20 Double-Bit Axe
34:06 Kshatriyas
35:43 Padded Archer Armor
35:33 Fletching
35:30 Man-at-Arms
38:49 Bodkin Arrow
39:10 Leather Archer Armor
38:21 Long Swordsman
39:40 Caravan
45:14 Imperial Age
45:50 Elite Chakram Thrower
48:27 Onager
49:57 Bow Saw
50:25 Bracer
50:38 Gold Mining
52:20 Chemistry
51:44 Ballistics
55:06 Two-Handed Swordsman
56:24 Heavy Camel Rider
.RamroD.
9:33 Loom
12:03 Feudal Age
12:30 Man-at-Arms
12:57 Arson
13:06 Double-Bit Axe
21:14 Castle Age
23:50 Bow Saw
25:49 Horse Collar
26:07 Stone Mining
26:08 Gold Mining
26:31 Forging
26:21 Scale Mail Armor
26:12 Fletching
26:22 Padded Archer Armor
26:26 Town Watch
29:55 Hamask
35:49 Elite Skirmisher
36:55 Heavy Plow
41:41 Imperial Age
39:49 Bodkin Arrow
43:53 Chemistry
44:11 Thumb Ring
45:31 Ballistics
45:29 Leather Archer Armor
45:17 Bracer
45:00 Capped Ram
47:18 Elite Jomsviking
49:58 Leather Archer Armor
50:20 Iron Casting
50:01 Chain Mail Armor
53:54 Elite Varangian Guard
55:59 Pikeman
56:39 Squires
kingfisher1108
11:43 Feudal Age
20:26 Castle Age
22:42 Elite Skirmisher
24:23 Pikeman
25:05 Double-Bit Axe
36:38 Loom
45:05 Light Cavalry
Connection lost

Rejoining the realm…

Still unreachable

The connection could not be restored.

Session expired

The server has moved on; the page needs a fresh start.